 Dungeon Crawl Stone Soup version 0.20.0-8-g6b59dc7 (webtiles) character file.

1948 lauthentik the Conjurer (level 8, -2/63 HPs)
             Began as a Grey Draconian Conjurer on June 1, 2017.
             Was a Follower of Sif Muna.
             Slain by an orc warrior
             ... wielding a +0 scimitar
              (8 damage)
             ... on level 6 of the Dungeon.
             The game lasted 00:23:48 (5981 turns).

lauthentik the Conjurer (Grey Draconian Conjurer)   Turns: 5981, Time: 00:23:49

Health: -2/63      AC: 15    Str: 10    XL:     8   Next: 98%
Magic:  2/16       EV: 15    Int: 20    God:    Sif Muna [*.....]
Gold:   213        SH:  0    Dex: 16    Spells: 12/17 levels left

rFire    . . .     SeeInvis .   n - +1 flail (crush)
rCold    . . .     Gourm    .   (no shield)
rNeg     . . .     Faith    .   (armour unavailable)
rPois    .         Spirit   .   f - +2 hat
rElec    .         Reflect  .   r - +0 cloak
rCorr    .         Harm     .   (no gloves)
MR       .....                  D - +0 pair of boots
Stlth    ++........             (no amulet)
Regen    0.2/turn               I - +2 ring of intelligence
MPRegen  0.2/turn               y - +4 ring of dexterity

@: no status effects
A: walk through water, unfitting armour, unbreathing, cold-blooded, AC +11
a: Divine Energy, Renounce Religion


You were on level 6 of the Dungeon.
You worshipped Sif Muna.
Sif Muna was aware of your devotion.
You were hungry.

You visited 2 branches of the dungeon, and saw 8 of its levels.
You also visited: Sewer.

You collected 366 gold pieces.
You spent 153 gold pieces at shops.

Inventory:

Hand Weapons
 d - a +0 club
 n - a +1 flail of crushing (weapon)
 q - a +0 whip
Armour
 f - a +2 hat (worn)
 r - a +0 cloak (worn)
 D - a +0 pair of boots (worn)
Jewellery
 h - an uncursed ring of flight
 p - an uncursed ring of poison resistance
 y - a +4 ring of dexterity (right hand)
 I - a +2 ring of intelligence (left hand)
Wands
 F - a wand of flame (14/48)
 G - a wand of flame (0/48)
Scrolls
 e - 7 scrolls of identify {unknown}
 j - 5 scrolls of remove curse {unknown}
 l - a scroll of immolation {unknown}
 m - 2 scrolls of magic mapping {unknown}
 o - 2 scrolls of random uselessness {unknown}
 s - 3 scrolls of amnesia {unknown}
 w - a scroll of enchant weapon {unknown}
 x - 3 scrolls of recharging {unknown}
 B - a scroll of fog {unknown}
 C - 2 scrolls of teleportation {unknown}
Potions
 c - 3 potions of curing
 g - 2 potions of agility
 i - a potion of haste {unknown}
 t - a potion of might {unknown}
 v - a potion of lignification {unknown}
 z - 2 potions of flight {unknown}
 A - 5 potions of heal wounds {unknown}
 H - a potion of berserk rage {unknown}
Books
 a - a book of Conjurations

   Spells                             Type                      Level
   a - Magic Dart                     Conjuration                  1
   b - Searing Ray                    Conjuration                  2
   c - Dazzling Spray                 Conjuration/Hexes            3
   d - Fulminant Prism                Conjuration/Hexes            4
   e - Force Lance                    Conjuration/Translocation    4
   f - Iskenderun's Mystic Blast      Conjuration                  4
 E - a book of Minor Magic

   Spells                             Type                      Level
   a - Magic Dart                     Conjuration                  1
   b - Blink                          Translocation                2
   c - Call Imp                       Summoning                    2
   d - Slow                           Hexes                        2
   e - Conjure Flame                  Conjuration/Fire             3
   f - Mephitic Cloud                 Conjuration/Poison/Air       3
Comestibles
 b - 4 bread rations
 k - 4 meat rations
 u - a royal jelly


   Skills:
 + Level 3.3 Fighting
 + Level 5.0 Maces & Flails
 + Level 4.7 Dodging
 + Level 3.1 Stealth
 + Level 5.4 Spellcasting
 + Level 7.1 Conjurations


You had 12 spell levels left.
You knew the following spells:

 Your Spells              Type           Power        Failure   Level  Hunger
a - Magic Dart            Conj           ####         1%          1    None
b - Iskenderun's Mystic   Conj           ####....     6%          4    ####...


Dungeon Overview and Level Annotations

Branches:
Dungeon (7/15)             Temple (1/1) D:5

Altars:
Ashenzari
Dithmenos
Elyvilon
Kikubaaqudgha
Makhleb
Nemelex Xobeh
Okawaru
Qazlal
Ru
Sif Muna
Trog
Uskayaw
Vehumet
Xom
Yredelemnul
Zin
The Shining One

Shops:
D:4 :   D:5 [   D:6 %

Annotations:
D:3 nubinia's ghost, amateur TeWz


Innate Abilities, Weirdness & Mutations

You can walk through water.
Your dull iron-grey scales are very hard. (AC +11)
You cannot fit into any form of body armour.
You can survive without breathing.
You are cold-blooded and may be slowed by cold attacks.


Message History

The orc shouts!
The orc warrior completely misses you.
You barely miss the orc warrior.
The orc warrior is lightly wounded.
The orc warrior hits you with a scimitar.
* * * LOW HITPOINT WARNING * * *
You hit the orc warrior.
You tail-slap the orc warrior, but do no damage.
The orc warrior is lightly wounded.
The orc warrior hits you with a scimitar!
* * * LOW HITPOINT WARNING * * *
You are feeling hungry.
Found a stone staircase leading up.
There is a stone staircase leading up here.
You climb upwards.
There is a stone staircase leading down here.
You closely miss the orc warrior.
The orc warrior is lightly wounded.
The orc warrior hits you with a scimitar!
You die...

#.# ####.#.....######## #.#
#.##............# ##.##
####.....######.# ....#
#.##.## #.# ###.# ####.#
####.###### #>..# #.#
#.........# #.#.# ##'##
#.##.####.# #.#.#
##..o###.##.## #.# ....##
##....@##.##..###.##
#.##.######..##########..#...#
.............#.....####....#.#
###..........#.♣.♣.#.........#
# ##..###....#..∩..'.##...#.##
#..# #.#..#.♣.♣^#####.##.# #
##..# #.##.#.....# ####.#
###...# #.########## #.#
.).#..###.# #'####### #.#


You could see an orc warrior.

Vanquished Creatures
  A hippogriff (D:7)
  Edmund (D:5)
  A water moccasin (D:5)
  2 ice beasts
  2 phantoms
  A centaur (D:6)
  A big kobold (Sewer)
  A bullfrog (D:6)
  3 killer bees (D:7)
  A howler monkey (D:4)
  2 crimson imps
  3 hounds
  A quasit (D:6)
  2 orc wizards
  An orc priest (D:4)
  A bullfrog skeleton (D:4)
  An iguana (D:6)
  7 worker ants
  2 hound skeletons
  A howler monkey skeleton (D:5)
  3 river rats (Sewer)
  12 adders
  An adder skeleton (D:5)
  2 dart slugs (D:1)
  3 worms
  5 leopard geckos
  8 orcs
  8 ball pythons
  6 giant cockroaches
  5 hobgoblins
  9 jackals
  20 kobolds
  2 quokkas
  8 bats
  6 frilled lizards
  10 goblins
  A quokka skeleton (D:4)
  30 rats
174 creatures vanquished.

Notes
Turn   | Place    | Note
-------+----------+-------------------------------------------
     0 | D:1      | lauthentik the Draconian Conjurer began the quest for the Orb.
     0 | D:1      | Reached XP level 1. HP: 14/14 MP: 3/3
   123 | D:1      | Reached XP level 2. HP: 11/20 MP: 0/5
   770 | D:1      | Reached XP level 3. HP: 25/26 MP: 6/6
  1388 | D:3      | Reached XP level 4. HP: 33/33 MP: 4/7
  1397 | D:3      | Reached skill level 5 in Conjurations
  1628 | D:3      | Noticed nubinia's ghost (amateur TeWz)
  1873 | D:4      | Found a glowing drain.
  1905 | Sewer    | Entered a sewer
  1990 | Sewer    | Reached XP level 5. HP: 39/39 MP: 6/9
  2352 | Sewer    | Reached skill level 1 in Maces & Flails
  2533 | Sewer    | Reached skill level 1 in Fighting
  2533 | Sewer    | Reached XP level 6. HP: 35/47 MP: 1/10
  2989 | D:4      | Found a glowing golden altar of the Shining One.
  3033 | D:4      | Found a basalt altar of Yredelemnul.
  3291 | D:4      | Your scales start taking on a dull iron-grey colour.
  3291 | D:4      | Reached XP level 7. HP: 31/52 MP: 6/12
  3291 | D:4      | Gained mutation: You can survive without breathing. [Grey Draconian growth]
  3476 | D:4      | Found Kinojonu's Book Boutique.
  3480 | D:4      | Noticed a dagger
  3483 | D:4      | Found a hide-covered altar of Uskayaw.
  3484 | D:4      | Noticed a dagger
  3613 | D:4      | Found a hide-covered altar of Uskayaw.
  3667 | D:4      | Reached skill level 6 in Conjurations
  3904 | D:4      | Noticed an angel
  3949 | D:5      | Entered Level 5 of the Dungeon
  3981 | D:5      | Found a staircase to the Ecumenical Temple.
  3989 | Temple   | Entered the Ecumenical Temple
  4021 | Temple   | Became a worshipper of Sif Muna the Loreminder
  4210 | D:5      | HP: 2/53 [ice beast (11)]
  4441 | D:5      | Noticed Edmund
  4486 | D:5      | Killed Edmund
  4644 | D:5      | Reached XP level 8. HP: 39/62 MP: 1/14
  4729 | D:5      | Found Onluev's Antique Armour Shop.
  4737 | D:5      | Bought a pair of boots for 153 gold pieces
  4771 | D:5      | Found a burning altar of Makhleb.
  4773 | D:5      | Found a radiant altar of Vehumet.
  4911 | D:6      | Learned a level 4 spell: Iskenderun's Mystic Blast
  4950 | D:6      | Found a stormy altar of Qazlal.
  4953 | D:6      | Noticed an air elemental
  5115 | D:6      | Found a sparkling altar of Nemelex Xobeh.
  5120 | D:6      | Found an iron altar of Okawaru.
  5531 | D:6      | Reached skill level 5 in Spellcasting
  5741 | D:6      | Found Dosmuz's Food Shoppe.
  5882 | D:6      | Reached skill level 7 in Conjurations
  5937 | D:7      | Noticed a hippogriff
  5944 | D:7      | Reached * piety under Sif Muna
  5966 | D:7      | Killed a hippogriff
  5966 | D:7      | Reached skill level 5 in Maces & Flails
  5970 | D:7      | HP: 3/63 [orc warrior/scimitar (13)]
  5981 | D:6      | Slain by an orc warrior

Skill      XL: |  1  2  3  4  5  6  7  8 |
---------------+-------------------------+-----
Dodging        | 2 3 4 |  4.7
Stealth        | 2 3 |  3.1
Conjurations   | 5 6 7 |  7.1
Maces & Flails | 1 2 3 5 |  5.0
Fighting       | 1 2 3 |  3.3
Spellcasting   | 3 4 5 |  5.4

Action                   |  1- 3 |  4- 6 |  7- 9 || total
-------------------------+-------+-------+-------++-------
Melee: Unarmed           |     8 |       |       ||     8
       Club              |    43 |       |       ||    43
       Tailslap          |     4 |    17 |    20 ||    41
       Whip              |    20 |   178 |   112 ||   310
       Flail             |       |       |    73 ||    73
 Cast: Magic Dart        |    65 |   159 |   200 ||   424
       Iskenderun's Myst |       |       |     4 ||     4
  Use: Potion            |       |     1 |     3 ||     4
 Stab: Sleeping          |     1 |       |       ||     1
  Eat: Chunk             |     2 |     7 |     9 ||    18
Armor: Skin              |    42 |    72 |   120 ||   234
Dodge: Dodged            |    81 |   152 |   191 ||   424
